 Dungeon Crawl Stone Soup version 0.22-a0-533-g4d20840 (webtiles) character file.

877 Hebeh the Chopper (level 7, -5/66 HPs)
             Began as a Deep Dwarf Fighter on June 22, 2018.
             Slain by an iguana (11 damage)
             ... on level 4 of the Dungeon.
             The game lasted 00:15:23 (3625 turns).

Hebeh the Chopper (Deep Dwarf Fighter)              Turns: 3625, Time: 00:15:24

Health: -5/66      AC:  7    Str: 21    XL:     7   Next: 75%
Magic:  4/4        EV:  7    Int:  9    God:
Gold:   139        SH: 10    Dex: 12    Spells: 8/8 levels left

rFire    . . .     SeeInvis .   b - +8 whip of Cethunt {slash, rN+}
rCold    . . .     Gourm    .   c - +0 shield
rNeg     + . .     Faith    .   o - +0 scale mail
rPois    .         Spirit   .   (no helmet)
rElec    .         Reflect  .   (no cloak)
rCorr    .         Harm     .   (no gloves)
MR       ++...                  (no boots)
Stlth    ..........             (no amulet)
HPRegen  0.00/turn              h - ring of protection from magic
MPRegen  0.09/turn              (no ring)

@: non-regenerating
A: damage resistance, heal wounds, sense surroundings 1, no regeneration
a: Heal Wounds


You were on level 4 of the Dungeon.
You were not hungry.

You visited 1 branch of the dungeon, and saw 4 of its levels.
You also visited: Sewer.

You collected 139 gold pieces.

Inventory:

Hand Weapons
 a - a +0 vampiric dagger
 b - the +8 whip of Cethunt (weapon) {slash, rN+}
   (You found it on level 4 of the Dungeon)

   It inflicts extra damage upon your enemies.
   It protects you from negative energy.
 g - a +0 dagger of draining
 t - a +0 war axe
Armour
 c - a +0 shield (worn)
 o - a +0 scale mail (worn)
Jewellery
 h - a ring of protection from magic (left hand)
Scrolls
 e - a scroll of fear
 j - 3 scrolls of teleportation
 m - a scroll of magic mapping {unknown}
 s - a scroll of noise {unknown}
 v - a scroll of identify
 w - a scroll of amnesia
Potions
 d - 2 potions of might
 i - a potion of resistance
 k - 2 potions of curing {unknown}
 l - a potion of mutation {unknown}
 n - a potion of brilliance {unknown}
 p - 2 potions of flight {unknown}
 q - 2 potions of heal wounds {unknown}
 r - 2 potions of lignification {unknown}
Comestibles
 f - 6 rations
 u - a chunk of flesh


   Skills:
 + Level 4.4 Fighting
 * Level 2.2 Short Blades
 - Level 5.6 Axes
 + Level 5.3 Armour
 + Level 5.3 Shields
 - Level 1.0 Spellcasting


You had 8 spell levels left.
You didn't know any spells.
Your spell library was empty.

Dungeon Overview and Level Annotations

Branches:
Dungeon (4/15)
 Temple: D:4-7

Altars:
Ru
Uskayaw


Innate Abilities, Weirdness & Mutations

You are resistant to damage.
You can heal yourself by infusing magical energy.
You passively map a small area around you.
You do not regenerate.


Message History

You closely miss the iguana.
The iguana is almost dead.
You block the iguana's attack.
You hit the iguana but do no damage.
The iguana is almost dead.
The iguana bites you!
* * * LOW HITPOINT WARNING * * *
You barely miss the iguana.
The iguana is almost dead.
Really unwield
a - a +0 vampiric dagger?
You feel the dreadful sensation subside.
b - the +8 whip of Cethunt (weapon)
{slash, rN+} The iguana bites you but does no damage.
You hit the iguana but do no damage.
The iguana is almost dead.
You block the iguana's attack.
You barely miss the iguana.
The iguana is almost dead.
The iguana bites you!
You die...

.# #.# .# * #.# .# ,* #.# .# *
* * #.# ## , #.# ** * **
#######.### *, , , ..........#
####### ##################.#.#
....... ......l@...........#.#
#######################.#.###.#
....# #................<....#.#
....# #.#################.#.#.#
....# #.# #...........#.#.#
....###.### #.###########.#.#
##........#####.# #.#.#
..............)># #.#.#
........#.#.#.#.# #.#.#


You could see an iguana.

Vanquished Creatures
  Grinder (D:4)
  Blork the orc (D:4)
  5 big kobolds (Sewer)
  An iguana (D:4)
  2 worker ants (D:4)
  7 adders
  3 river rats (Sewer)
  4 oozes (Sewer)
  6 worms
  A dart slug (D:3)
  4 leopard geckos
  5 orcs
  A giant cockroach (D:2)
  8 goblins
  3 hobgoblins
  3 jackals (D:2)
  9 kobolds
  7 ball pythons
  A ball python skeleton (D:4)
  3 bats
  6 frilled lizards
  A leopard gecko skeleton (D:4)
  6 rats
88 creatures vanquished.

Notes
Turn   | Place    | Note
-------+----------+-------------------------------------------
     0 | D:1      | Hebeh the Deep Dwarf Fighter began the quest for the Orb.
     0 | D:1      | Reached XP level 1. HP: 20/20 MP: 1/1
   135 | D:1      | Reached XP level 2. HP: 27/27 MP: 2/2
  1008 | D:2      | Reached XP level 3. HP: 28/34 MP: 3/3
  1187 | D:2      | You fall through a shaft!
  1432 | D:3      | Reached XP level 4. HP: 29/42 MP: 4/4
  1622 | D:3      | Found a glowing drain.
  1653 | Sewer    | Entered a sewer
  1673 | Sewer    | Noticed a big kobold
  1694 | Sewer    | Killed a big kobold
  1694 | Sewer    | Reached XP level 5. HP: 40/49 MP: 5/5
  2016 | Sewer    | Reached XP level 6. HP: 30/56 MP: 5/5
  2045 | Sewer    | Reached skill level 5 in Axes
  2280 | Sewer    | Reached XP level 7. HP: 62/64 MP: 4/4
  2659 | D:3      | Found a sacrificial altar of Ru.
  3078 | D:4      | Got a polished whip
  3142 | D:4      | Noticed Blork the orc
  3154 | D:4      | Killed Blork the orc
  3183 | D:4      | Noticed Grinder
  3209 | D:4      | Killed Grinder
  3209 | D:4      | Reached skill level 1 in Short Blades
  3209 | D:4      | Reached skill level 5 in Armour
  3209 | D:4      | Reached skill level 5 in Shields
  3209 | D:4      | Reached skill level 1 in Spellcasting
  3242 | D:4      | Identified the +8 whip of Cethunt {slash, rN+} (You found it on level 4 of the Dungeon)
  3411 | D:4      | Found a hide-covered altar of Uskayaw.
  3625 | D:4      | Slain by an iguana

Vault maps used:
D:1:      lightli_arrival_farm
D:2:      minmay_misc_feat_ornament, uniq_crazy_yiuf_cottage
D:3:      lemuel_coloured_pillars_altar, cheibrodos_sewer_entry_bend,
          kennysheep_nub
D:4:      lemuel_round_altar, temple_green, uniq_grinder, uniq_blork_the_orc
Sewer:    sewer_co_tree

Skill      XL: |  1  2  3  4  5  6  7 |
---------------+----------------------+-----
Axes           | 3 4 5 |  5.6
Fighting       | 3 4 |  4.4
Armour         | 4 5 |  5.3
Shields        | 4 5 |  5.3
Short Blades   | 2 |  2.2
Spellcasting   | 1 |  1.0

Action                   |  1- 3 |  4- 6 |  7- 9 || total
-------------------------+-------+-------+-------++-------
Melee: War axe           |   128 |   243 |    55 ||   426
       Dagger            |       |       |    92 ||    92
       Whip              |       |       |     2 ||     2
 Abil: Heal Wounds       |       |     4 |     3 ||     7
  Use: Scroll            |       |     6 |     1 ||     7
  Eat: Chunk             |     2 |     4 |     3 ||     9
       Ration            |       |       |     2 ||     2
Armor: Scale mail        |    60 |   102 |    35 ||   197
Dodge: Dodged            |    41 |    69 |    33 ||   143
Block: Shield            |    68 |   123 |    64 ||   255

Table legend:
 A = Spawn XP
 B = Non-spawn XP
 C = Spawn XP percentage of total XP
 D = Spawn monster count
 E = Non-spawn monster count
 F = Spawn count percentage of total count
 G = Total turns spent on level
                    A         B        C        D         E        F      G
               +---------+---------+-------+---------+---------+-------+---------
         Total |       0 |    1253 |   0.0 |       0 |      88 |   0.0 |  3625
               +---------+---------+-------+---------+---------+-------+---------
           D:1 |       0 |      30 |   0.0 |       0 |      18 |   0.0 |   903
           D:2 |       0 |      48 |   0.0 |       0 |      16 |   0.0 |   284
           D:3 |       0 |      73 |   0.0 |       0 |      15 |   0.0 |   883
           D:4 |       0 |     490 |   0.0 |       0 |      11 |   0.0 |   665
         Sewer |       0 |     612 |   0.0 |       0 |      28 |   0.0 |   890
               +---------+---------+-------+---------+---------+-------+---------
